Predators vs Senateurs
(R1)
Created - December 2, 2025 at 19:01
Goals
|
| Predators |
1 |
1 |
1 |
0 |
1 |
3 |
| Senateurs |
2 |
1 |
0 |
0 |
2 |
4 |
|
Shots
|
| Predators |
19 |
16 |
5 |
0 |
3 |
40 |
| Senateurs |
6 |
17 |
5 |
0 |
3 |
28 |
|
1st period
1. Senateurs , Jordan Martinook 6 (Jared Cowen 5) at 10:42 (SH)
2. Predators , Travis Dermott 2 (Alexander Ovechkin 3, Mathieu Joseph 5) at 12:13
3. Senateurs , Richard Panik 2 (Eric Gelinas 2, Jordan Martinook 6) at 14:08
Penalties :
Zachary Sanford (Ott) for Hooking (Minor) at 2:45, Jake Gardiner (Ott) for Tripping (Minor) at 9:42, Brendan Smith (Ott) for Holding (Minor) at 15:20
2nd period
4. Predators , Nicolas Kerdiles 3 (Scott Laughton 6, Reilly Smith 4) at 1:18
5. Senateurs , Richard Panik 3 (Jared Cowen 6, Jake Gardiner 4) at 15:28 (PP)
Penalties :
Zachary Sanford (Ott) for Holding Stick (Minor) at 9:59, Andreas Englund (Nas) for Hooking (Minor) at 14:13
3rd period
6. Predators , Travis Dermott 3 (John Moore 4, Mikael Granlund 8) at 7:50
Penalties :
Chris Bigras (Ott) for Tripping (Minor) at 9:11, Jordan Martinook (Ott) for Roughing (Minor) at 15:24
Overtime #1
No Goal
Penalties :
No Penalty
Shootout
Predators, Jack Eichel - Goal!
Senateurs, Nick Bjugstad - Shot Misses the Net
Predators, Jaden Schwartz - Stopped by Mikko Koskinen
Senateurs, Alex Iafallo - Goal!
Predators, Alexander Ovechkin - Stopped by Mikko Koskinen
Senateurs, Jordan Martinook - Goal!
Penalties :
No Penalty
Goalie Stats
Andrei Vasilevskiy (Nas), 25 saves from 28 shots - (0.893), OTL, 4-3-2, 65:00 minutes
Mikko Koskinen (Ott), 37 saves from 40 shots - (0.925), W, 6-2-0, 65:00 minutes
Players Stats for Predators
Player Name G A P +/- PIM S H SB GA TA FO MP PP MP PK MP
------------------------------------------------------------------------------------
Alexander Ovechkin 0 1 1 0 0 1 0 0 1 0 0/0 10:34 0:01 0:00
Andreas Englund 0 0 0 1 2 0 0 0 0 1 0/0 11:32 0:00 0:00
Andy Miele 0 0 0 0 0 1 2 0 0 0 1/2 10:34 0:00 0:30
Claude Giroux 0 0 0 0 0 3 3 0 0 0 0/0 12:12 0:01 0:19
Jack Eichel 0 0 0 1 0 2 3 0 0 1 13/29 24:56 6:23 0:26
Jaden Schwartz 0 0 0 1 0 3 1 0 3 0 0/1 24:27 6:23 0:00
John Moore 0 1 1 2 0 1 0 1 0 1 0/0 22:11 5:37 0:45
Justin Faulk 0 0 0 -2 0 1 2 1 1 0 0/0 29:29 6:17 0:30
Mark Pysyk 0 0 0 0 0 4 2 1 0 0 0/1 8:04 0:00 0:56
Markus Granlund 0 0 0 0 0 2 1 0 1 0 1/3 6:47 0:00 0:00
Mathieu Joseph 0 1 1 0 0 2 1 0 1 1 0/1 7:13 0:00 0:00
Mikael Granlund 0 1 1 1 0 3 5 0 1 0 0/1 24:42 6:24 0:00
Morgan Rielly 0 0 0 1 0 0 0 0 0 1 0/0 11:51 0:00 0:18
Nicolas Kerdiles 1 0 1 0 0 3 0 1 0 0 0/2 20:04 5:30 0:19
Reilly Smith 0 1 1 0 0 4 1 1 0 1 0/1 20:01 5:30 0:00
Ryan Mcdonagh 0 0 0 -2 0 0 1 1 0 0 0/0 29:14 6:17 0:30
Scott Laughton 0 1 1 0 0 3 1 2 0 2 11/23 19:11 5:30 0:00
Travis Dermott 2 0 2 2 0 7 0 0 0 1 0/0 20:42 5:37 0:27
Players Stats for Senateurs
Player Name G A P +/- PIM S H SB GA TA FO MP PP MP PK MP
------------------------------------------------------------------------------------
Alex Iafallo 0 0 0 0 0 2 1 1 1 1 1/2 24:01 0:00 7:12
Anton Lindholm 0 0 0 1 0 1 2 1 0 0 0/0 20:56 0:00 4:57
Brendan Smith 0 0 0 0 2 0 3 1 0 1 0/0 13:34 0:00 1:17
Chris Bigras 0 0 0 -1 2 0 0 0 0 0 0/0 11:31 0:00 0:00
Christoph Bertschy 0 0 0 -2 0 1 0 0 1 0 0/2 9:23 0:00 1:24
Eric Gelinas 0 1 1 1 0 0 2 1 0 1 0/0 20:49 0:00 4:15
Jake Gardiner 0 1 1 -2 2 1 2 5 0 3 0/0 28:04 1:15 5:40
Jared Cowen 0 2 2 -1 0 2 2 4 1 1 0/0 30:26 1:15 7:39
Jeremy Morin 0 0 0 -2 0 1 0 0 0 0 0/0 9:03 0:00 0:55
Jesse Puljujarvi 0 0 0 0 0 3 3 1 1 0 0/0 16:43 0:37 0:00
Jordan Martinook 1 1 2 1 2 5 3 1 2 1 0/0 18:26 0:38 2:55
Mark McNeill 0 0 0 -2 0 0 1 0 0 0 0/0 6:53 0:00 0:00
Nick Bjugstad 0 0 0 0 0 2 1 2 1 0 20/38 23:16 0:37 6:36
Quinton Howden 0 0 0 1 0 4 4 0 1 0 11/14 18:45 0:38 3:41
Radek Faksa 0 0 0 0 0 0 2 2 1 0 6/8 10:25 0:00 0:00
Richard Panik 2 0 2 0 0 4 1 0 0 0 0/0 15:03 0:38 0:00
Riley Sheahan 0 0 0 0 0 0 1 0 0 0 0/0 10:25 0:00 0:00
Zachary Sanford 0 0 0 0 4 2 0 0 0 0 0/0 15:17 0:37 1:05
3 Stars
1 - Travis Dermott (Nas)
2 - Richard Panik (Ott)
3 - Jordan Martinook (Ott)
Power Play
Predators - 0 on 6 Attempt(s) - 0.00%
Senateurs - 1 on 1 Attempt(s) - 100.00%
Penalty Kill
Predators - 0 on 1 Attempt(s) - 0.00%
- Score 0 goal in Penalty Kill
Senateurs - 6 on 6 Attempt(s) - 100.00%
- Score 1 goal in Penalty Kill
Team Stat
Predators - Hits : 23 - Faceoff Wins : 26 - Blocked Shots : 8 - Penalty Minutes : 2
Senateurs - Hits : 28 - Faceoff Wins : 38 - Blocked Shots : 19 - Penalty Minutes : 12
Official
Referees : Beaudry Halkidis and Dan O'Rourke
Linesman : Bryan Pancich and Vaughan Rody
Game Notes
No Game Note
Finance
Level 1 -- Attendance: 5691 (94.85%) -- Ticket Income $569,100
Level 2 -- Attendance: 4788 (95.76%) -- Ticket Income $335,160
Level 3 -- Attendance: 1803 (90.15%) -- Ticket Income $72,120
Level 4 -- Attendance: 3980 (99.50%) -- Ticket Income $119,400
Luxury Box -- Attendance: 1000 (100.00%) -- Ticket Income $200,000
Game was played at the Centre Canadian Tire.
Total Attendance: 17262 (95.90%)
Total Ticket Income: $1,295,780
Other Income: $194,367
Total Income: $1,490,147
Predators
5 vs 5 Forward
Center Left Wing Right Wing Time % Phy DF OF
1 Jack Eichel Jaden Schwartz Mikael Granlund 40 1 2 2
2 Scott Laughton Nicolas Kerdiles Reilly Smith 30 1 2 2
3 Andy Miele Alexander Ovechkin Claude Giroux 20 2 1 2
4 Markus Granlund Mark Pysyk Mathieu Joseph 10 1 2 2
5 vs 5 Defense
Defense Defense Time % Phy DF OF
1 Ryan Mcdonagh Justin Faulk 40 1 2 2
2 John Moore Travis Dermott 30 1 2 2
3 Andreas Englund Morgan Rielly 20 1 2 2
4 Ryan Mcdonagh Justin Faulk 10 1 2 2
PowerPlay Forward
Center Left Wing Right Wing Time % Phy DF OF
1 Jack Eichel Jaden Schwartz Mikael Granlund 60 1 1 3
2 Scott Laughton Nicolas Kerdiles Reilly Smith 40 2 0 3
PowerPlay Defense
Defense Defense Time % Phy DF OF
1 Ryan Mcdonagh Justin Faulk 60 1 2 2
2 John Moore Travis Dermott 40 1 2 2
Penalty Kill 4 Players Forward
Center Wing Time % Phy DF OF
1 Jack Eichel Mark Pysyk 60 1 2 2
2 Claude Giroux Nicolas Kerdiles 40 1 2 2
Penalty Kill 4 Players Defense
Defense Defense Time % Phy DF OF
1 Ryan Mcdonagh Justin Faulk 60 1 2 2
2 John Moore Andreas Englund 40 1 2 2
Penalty Kill - 3 Players Forward
Forward Time % Phy DF OF
1 Mark Pysyk 60 1 3 1
2 Jack Eichel 40 1 3 1
Penalty Kill - 3 Players Defense
Defense Defense Time % Phy DF OF
1 Ryan Mcdonagh Justin Faulk 60 1 3 1
2 John Moore Andreas Englund 40 1 3 1
4 vs 4 Forward
Center Wing Time % Phy DF OF
1 Jack Eichel Mikael Granlund 60 1 2 2
2 Scott Laughton Nicolas Kerdiles 40 1 2 2
4 vs 4 Defense
Defense Defense Time % Phy DF OF
1 Ryan Mcdonagh Justin Faulk 60 1 2 2
2 John Moore Travis Dermott 40 1 2 2
Last Minutes Offensive
Center Left Wing Right Wing Defense Defense
Jack Eichel Jaden Schwartz Mikael Granlund Ryan Mcdonagh Justin Faulk
Last Minutes Defensive
Center Left Wing Right Wing Defense Defense
Jack Eichel Claude Giroux Mikael Granlund Ryan Mcdonagh Justin Faulk
Goaltenders
Starting : Andrei Vasilevskiy
Backup : Felix Sanstrom
Extra Forwards
Normal : Claude Giroux, Alexander Ovechkin, Mathieu Joseph - PP : Claude Giroux, Alexander Ovechkin - PK : Jaden Schwartz
Extra Defensemen
Normal : Andreas Englund, Morgan Rielly, John Moore - PP : Morgan Rielly - PK : Travis Dermott, Morgan Rielly
Penalty Shots
Jack Eichel, Jaden Schwartz, Alexander Ovechkin, Mikael Granlund, Claude Giroux
Custom OT Lines Forwards
Mikael Granlund, Jack Eichel, Jaden Schwartz, Reilly Smith, Claude Giroux, Nicolas Kerdiles, Scott Laughton, Alexander Ovechkin, Andy Miele, Mark Pysyk
Custom OT Lines Defensemen
Ryan Mcdonagh, Justin Faulk, John Moore, Travis Dermott, Andreas Englund
Scratches
Hunter Shinkaruk (Healthy)
Senateurs
5 vs 5 Forward
Center Left Wing Right Wing Time % Phy DF OF
1 Nick Bjugstad Alex Iafallo Jesse Puljujarvi 40 0 2 3
2 Quinton Howden Jordan Martinook Richard Panik 30 1 2 2
3 Radek Faksa Zachary Sanford Riley Sheahan 20 1 2 2
4 Christoph Bertschy Jeremy Morin Mark McNeill 10 1 2 2
5 vs 5 Defense
Defense Defense Time % Phy DF OF
1 Jake Gardiner Jared Cowen 40 1 2 2
2 Eric Gelinas Anton Lindholm 30 1 2 2
3 Brendan Smith Chris Bigras 20 1 2 2
4 Jake Gardiner Jared Cowen 10 1 2 2
PowerPlay Forward
Center Left Wing Right Wing Time % Phy DF OF
1 Nick Bjugstad Alex Iafallo Jesse Puljujarvi 60 1 1 3
2 Quinton Howden Jordan Martinook Richard Panik 40 1 1 3
PowerPlay Defense
Defense Defense Time % Phy DF OF
1 Jake Gardiner Jared Cowen 60 1 1 3
2 Eric Gelinas Anton Lindholm 40 1 1 3
Penalty Kill 4 Players Forward
Center Wing Time % Phy DF OF
1 Nick Bjugstad Alex Iafallo 60 1 3 1
2 Quinton Howden Jordan Martinook 40 1 3 1
Penalty Kill 4 Players Defense
Defense Defense Time % Phy DF OF
1 Jake Gardiner Jared Cowen 60 1 3 1
2 Eric Gelinas Anton Lindholm 40 1 3 1
Penalty Kill - 3 Players Forward
Forward Time % Phy DF OF
1 Nick Bjugstad 60 1 3 1
2 Quinton Howden 40 1 3 1
Penalty Kill - 3 Players Defense
Defense Defense Time % Phy DF OF
1 Jake Gardiner Jared Cowen 60 1 3 1
2 Eric Gelinas Anton Lindholm 40 1 3 1
4 vs 4 Forward
Center Wing Time % Phy DF OF
1 Nick Bjugstad Alex Iafallo 60 1 2 2
2 Quinton Howden Jordan Martinook 40 1 2 2
4 vs 4 Defense
Defense Defense Time % Phy DF OF
1 Jake Gardiner Jared Cowen 60 1 2 2
2 Eric Gelinas Anton Lindholm 40 1 2 2
Last Minutes Offensive
Center Left Wing Right Wing Defense Defense
Nick Bjugstad Alex Iafallo Jesse Puljujarvi Jake Gardiner Jared Cowen
Last Minutes Defensive
Center Left Wing Right Wing Defense Defense
Nick Bjugstad Alex Iafallo Jesse Puljujarvi Jake Gardiner Jared Cowen
Goaltenders
Starting : Mikko Koskinen
Backup : Martin Jones
Extra Forwards
Normal : Zachary Sanford, Quinton Howden, Richard Panik - PP : Zachary Sanford, Quinton Howden - PK : Zachary Sanford
Extra Defensemen
Normal : Anton Lindholm, Brendan Smith, Chris Bigras - PP : Anton Lindholm - PK : Anton Lindholm, Brendan Smith
Penalty Shots
Nick Bjugstad, Alex Iafallo, Jordan Martinook, Jesse Puljujarvi, Zachary Sanford
Custom OT Lines Forwards
Nick Bjugstad, Alex Iafallo, Jordan Martinook, Jesse Puljujarvi, Zachary Sanford, Quinton Howden, Richard Panik, Riley Sheahan, Mark McNeill, Jeremy Morin
Custom OT Lines Defensemen
Jake Gardiner, Jared Cowen, Eric Gelinas, Anton Lindholm, Brendan Smith
Scratches
Brendan Perlini (Left Forearm Injury), Dennis Everberg (Healthy), Artem Zub (Healthy)
% Time on Ice - Predators
Lines # - Real PCT - Wanted PCT - Time Play
Normal Forward
1 - 37% - 40% - 17:08
2 - 28% - 30% - 13:09
3 - 21% - 20% - 9:47
4 - 14% - 10% - 6:47
Normal Defense
1 - 40% - 40% - 18:53
2 - 31% - 30% - 14:38
3 - 25% - 20% - 11:33
4 - 4% - 10% - 1:47
PP Forward
1 - 54% - 60% - 6:24
2 - 46% - 40% - 5:30
PP Defense
1 - 53% - 60% - 6:17
2 - 47% - 40% - 5:37
PK Forward
1 - 75% - 60% - 0:56
2 - 25% - 40% - 0:19
PK Defense
1 - 40% - 60% - 0:30
2 - 60% - 40% - 0:45
PK3 Forward
1 - 0% - 60%
2 - 0% - 40%
PK3 Defense
1 - 0% - 60%
2 - 0% - 40%
44 Forward
1 - 0% - 60%
2 - 0% - 40%
44 Defense
1 - 0% - 60%
2 - 0% - 40%
Last Minute Offensive - 0:00
Last Minute Defensive - 0:00
Total
Forward - 60:00
Defense - 60:00
|
% Time on Ice - Senateurs
Lines # - Real PCT - Wanted PCT - Time Play
Normal Forward
1 - 35% - 40% - 16:22
2 - 29% - 30% - 13:23
3 - 22% - 20% - 10:25
4 - 14% - 10% - 6:41
Normal Defense
1 - 40% - 40% - 18:45
2 - 33% - 30% - 15:36
3 - 25% - 20% - 11:32
4 - 2% - 10% - 0:58
PP Forward
1 - 49% - 60% - 0:37
2 - 51% - 40% - 0:38
PP Defense
1 - 100% - 60% - 1:15
2 - 0% - 40% - 0:00
PK Forward
1 - 69% - 60% - 8:13
2 - 31% - 40% - 3:41
PK Defense
1 - 64% - 60% - 7:39
2 - 36% - 40% - 4:15
PK3 Forward
1 - 0% - 60%
2 - 0% - 40%
PK3 Defense
1 - 0% - 60%
2 - 0% - 40%
44 Forward
1 - 0% - 60%
2 - 0% - 40%
44 Defense
1 - 0% - 60%
2 - 0% - 40%
Last Minute Offensive - 0:00
Last Minute Defensive - 0:00
Total
Forward - 60:00
Defense - 60:00
|
Play-by-Play
1st period
0:01 of 1st period - Nick Bjugstad wins face-off versus Jack Eichel in neutral zone.
1:21 of 1st period - Backhand shot by Mark Pysyk.
1:21 of 1st period - Stopped by Mikko Koskinen without a rebound.
1:22 of 1st period - Nick Bjugstad wins face-off versus Jack Eichel in Senateurs zone.
2:13 of 1st period - Wrist shot by Mark Pysyk.
2:13 of 1st period - Stopped by Mikko Koskinen without a rebound.
2:14 of 1st period - Nick Bjugstad wins face-off versus Mathieu Joseph in Senateurs zone.
2:19 of 1st period - Wrist shot by Jake Gardiner.
2:19 of 1st period - Stopped by Andrei Vasilevskiy with a rebound.
2:30 of 1st period - Icing by Travis Dermott.
2:31 of 1st period - Radek Faksa wins face-off versus Markus Granlund in Predators zone.
2:32 of 1st period - Wrist shot by Zachary Sanford.
2:32 of 1st period - Shot Blocked by John Moore.
2:34 of 1st period - Slapshot by Jared Cowen.
2:34 of 1st period - Stopped by Andrei Vasilevskiy without a rebound.
2:35 of 1st period - Radek Faksa wins face-off versus Jack Eichel in Predators zone.
2:38 of 1st period - Snap shot by Zachary Sanford.
2:38 of 1st period - Stopped by Andrei Vasilevskiy without a rebound.
2:39 of 1st period - Radek Faksa wins face-off versus Jack Eichel in Predators zone.
2:45 of 1st period - Minor Penalty to Zachary Sanford for Hooking.
2:46 of 1st period - Jack Eichel wins face-off versus Nick Bjugstad in Senateurs zone.
4:13 of 1st period - Jaden Schwartz is hit by Jake Gardiner and loses puck.
4:38 of 1st period - Icing by Jaden Schwartz.
4:39 of 1st period - Nick Bjugstad wins face-off versus Jack Eichel in Predators zone.
4:45 of 1st period - Penalty to Zachary Sanford is over, Zachary Sanford is back on ice.
5:09 of 1st period - Andy Miele is hit by Eric Gelinas and loses puck.
5:26 of 1st period - Richard Panik is hit by Mark Pysyk and loses puck.
5:45 of 1st period - Slapshot by Travis Dermott.
5:45 of 1st period - Stopped by Mikko Koskinen with a rebound.
5:59 of 1st period - Slapshot by Jack Eichel.
5:59 of 1st period - Stopped by Mikko Koskinen without a rebound.
6:00 of 1st period - Nick Bjugstad wins face-off versus Jack Eichel in Senateurs zone.
6:09 of 1st period - Justin Faulk is hit by Nick Bjugstad.
6:25 of 1st period - Reilly Smith is hit by Quinton Howden and loses puck.
6:32 of 1st period - Snap shot by Quinton Howden.
6:32 of 1st period - Stopped by Andrei Vasilevskiy without a rebound.
6:33 of 1st period - Quinton Howden wins face-off versus Jack Eichel in Predators zone.
6:40 of 1st period - Snap shot by Jordan Martinook.
6:40 of 1st period - Shot Misses the Net.
7:20 of 1st period - Jaden Schwartz is hit by Riley Sheahan and loses puck.
7:45 of 1st period - Slapshot by Zachary Sanford.
7:45 of 1st period - Shot Misses the Net.
8:09 of 1st period - Wrist shot by Jaden Schwartz.
8:09 of 1st period - Deflect By Mikael Granlund.
8:09 of 1st period - Stopped by Mikko Koskinen with a rebound.
8:34 of 1st period - Snap shot by Mikael Granlund.
8:34 of 1st period - Stopped by Mikko Koskinen with a rebound.
8:36 of 1st period - Slapshot by Jaden Schwartz.
8:36 of 1st period - Shot Blocked by Anton Lindholm.
8:48 of 1st period - Zachary Sanford is hit by Jack Eichel and loses puck.
8:59 of 1st period - Wrist shot by Mikael Granlund.
8:59 of 1st period - Shot Blocked by Radek Faksa.
9:01 of 1st period - Wrist shot by Jaden Schwartz.
9:01 of 1st period - Shot Misses the Net.
9:03 of 1st period - Slapshot by Andreas Englund.
9:03 of 1st period - Shot Blocked by Radek Faksa.
9:33 of 1st period - Slapshot by Jack Eichel.
9:33 of 1st period - Stopped by Mikko Koskinen with a rebound.
9:39 of 1st period - Wrist shot by Jaden Schwartz.
9:39 of 1st period - Stopped by Mikko Koskinen without a rebound.
9:40 of 1st period - Nick Bjugstad wins face-off versus Scott Laughton in Senateurs zone.
9:42 of 1st period - Minor Penalty to Jake Gardiner for Tripping.
9:43 of 1st period - Nick Bjugstad wins face-off versus Scott Laughton in Senateurs zone.
9:54 of 1st period - Off-side.
9:55 of 1st period - Scott Laughton wins face-off versus Nick Bjugstad in neutral zone.
10:04 of 1st period - Backhand shot by Nicolas Kerdiles.
10:04 of 1st period - Stopped by Mikko Koskinen with a rebound.
10:06 of 1st period - Slapshot by Justin Faulk.
10:06 of 1st period - Shot Blocked by Alex Iafallo.
10:08 of 1st period - Slapshot by Justin Faulk.
10:08 of 1st period - Stopped by Mikko Koskinen without a rebound.
10:09 of 1st period - Scott Laughton wins face-off versus Nick Bjugstad in Senateurs zone.
10:16 of 1st period - Snap shot by Reilly Smith.
10:16 of 1st period - Deflect By Scott Laughton.
10:16 of 1st period - Stopped by Mikko Koskinen without a rebound.
10:17 of 1st period - Nick Bjugstad wins face-off versus Reilly Smith in Senateurs zone.
10:42 of 1st period - Wrist shot by Jordan Martinook.
10:42 of 1st period - Goal by Jordan Martinook - Predators : 0 - Senateurs : 1.
10:43 of 1st period - Scott Laughton wins face-off versus Nick Bjugstad in neutral zone.
10:53 of 1st period - Reilly Smith is hit by Jared Cowen and loses puck.
11:10 of 1st period - Reilly Smith is hit by Jordan Martinook and loses puck.
11:42 of 1st period - Penalty to Jake Gardiner is over, Jake Gardiner is back on ice.
12:11 of 1st period - Backhand shot by Alexander Ovechkin.
12:11 of 1st period - Stopped by Mikko Koskinen with a rebound.
12:13 of 1st period - Slapshot by Travis Dermott.
12:13 of 1st period - Goal by Travis Dermott - Predators : 1 - Senateurs : 1.
12:14 of 1st period - Nick Bjugstad wins face-off versus Scott Laughton in neutral zone.
12:41 of 1st period - Jake Gardiner is hit by Claude Giroux and loses puck.
13:47 of 1st period - Reilly Smith is hit by Anton Lindholm and loses puck.
14:04 of 1st period - Snap shot by Jordan Martinook.
14:04 of 1st period - Shot Misses the Net.
14:06 of 1st period - Wrist shot by Eric Gelinas.
14:06 of 1st period - Shot Misses the Net.
14:08 of 1st period - Snap shot by Richard Panik.
14:08 of 1st period - Goal by Richard Panik - Predators : 1 - Senateurs : 2.
14:09 of 1st period - Scott Laughton wins face-off versus Nick Bjugstad in neutral zone.
14:12 of 1st period - Wrist shot by Justin Faulk.
14:12 of 1st period - Shot Blocked by Nick Bjugstad.
15:20 of 1st period - Minor Penalty to Brendan Smith for Holding.
15:21 of 1st period - Jack Eichel wins face-off versus Nick Bjugstad in Senateurs zone.
15:31 of 1st period - Off-side.
15:32 of 1st period - Jack Eichel wins face-off versus Nick Bjugstad in neutral zone.
16:28 of 1st period - Anton Lindholm is hit by Mikael Granlund and loses puck.
16:39 of 1st period - Scott Laughton is hit by Jordan Martinook and loses puck.
17:20 of 1st period - Penalty to Brendan Smith is over, Brendan Smith is back on ice.
17:50 of 1st period - Wrist shot by Markus Granlund.
17:50 of 1st period - Shot Blocked by Eric Gelinas.
17:58 of 1st period - Eric Gelinas is hit by Mark Pysyk and loses puck.
18:06 of 1st period - Icing by Jeremy Morin.
18:07 of 1st period - Scott Laughton wins face-off versus Radek Faksa in Senateurs zone.
18:10 of 1st period - Slapshot by Travis Dermott.
18:10 of 1st period - Stopped by Mikko Koskinen without a rebound.
18:11 of 1st period - Scott Laughton wins face-off versus Radek Faksa in Senateurs zone.
18:14 of 1st period - Snap shot by Reilly Smith.
18:14 of 1st period - Stopped by Mikko Koskinen with a rebound.
18:16 of 1st period - Slapshot by John Moore.
18:16 of 1st period - Deflect By Zachary Sanford.
18:16 of 1st period - Stopped by Mikko Koskinen with a rebound.
18:22 of 1st period - Slapshot by Reilly Smith.
18:22 of 1st period - Stopped by Mikko Koskinen with a rebound.
18:26 of 1st period - Slapshot by Reilly Smith.
18:26 of 1st period - Shot Blocked by Jared Cowen.
18:36 of 1st period - Jack Eichel is hit by Jesse Puljujarvi and loses puck.
18:43 of 1st period - Jesse Puljujarvi is hit by Jack Eichel.
19:05 of 1st period - Justin Faulk is hit by Mark McNeill and loses puck.
19:22 of 1st period - Snap shot by Scott Laughton.
19:22 of 1st period - Shot Misses the Net.
19:40 of 1st period - Slapshot by Ryan Mcdonagh.
19:40 of 1st period - Deflect By Mathieu Joseph.
19:40 of 1st period - Stopped by Mikko Koskinen with a rebound.
19:50 of 1st period - Wrist shot by Mark Pysyk.
19:50 of 1st period - Stopped by Mikko Koskinen with a rebound.
19:52 of 1st period - Slapshot by Justin Faulk.
19:52 of 1st period - Deflect By Mathieu Joseph.
19:52 of 1st period - Shot Blocked by Jesse Puljujarvi.
19:52 of 1st period - Puck is out of play.
19:53 of 1st period - Quinton Howden wins face-off versus Nicolas Kerdiles in Senateurs zone.
Goals for this period are 1 for Predators vs 2 for Senateurs.
Shots for this period are 19 for Predators vs 6 for Senateurs.
2nd period
0:01 of 2nd period - Scott Laughton wins face-off versus Nick Bjugstad in neutral zone.
0:12 of 2nd period - Snap shot by Alex Iafallo.
0:12 of 2nd period - Deflect By Jesse Puljujarvi.
0:12 of 2nd period - Shot Misses the Net.
0:12 of 2nd period - Puck is out of play.
0:13 of 2nd period - Nick Bjugstad wins face-off versus Scott Laughton in Predators zone.
0:20 of 2nd period - Slapshot by Alex Iafallo.
0:20 of 2nd period - Stopped by Andrei Vasilevskiy with a rebound.
0:22 of 2nd period - Slapshot by Jake Gardiner.
0:22 of 2nd period - Shot Misses the Net.
1:18 of 2nd period - Wrist shot by Nicolas Kerdiles.
1:18 of 2nd period - Goal by Nicolas Kerdiles - Predators : 2 - Senateurs : 2.
1:19 of 2nd period - Jack Eichel wins face-off versus Alex Iafallo in neutral zone.
1:52 of 2nd period - Slapshot by Travis Dermott.
1:52 of 2nd period - Deflect By Jordan Martinook.
1:52 of 2nd period - Stopped by Mikko Koskinen with a rebound.
2:05 of 2nd period - Off-side.
2:06 of 2nd period - Radek Faksa wins face-off versus Mark Pysyk in neutral zone.
2:56 of 2nd period - Snap shot by Jordan Martinook.
2:56 of 2nd period - Stopped by Andrei Vasilevskiy with a rebound.
2:58 of 2nd period - Slapshot by Jake Gardiner.
2:58 of 2nd period - Shot Blocked by Nicolas Kerdiles.
3:00 of 2nd period - Snap shot by Quinton Howden.
3:00 of 2nd period - Shot Misses the Net.
3:02 of 2nd period - Snap shot by Jordan Martinook.
3:02 of 2nd period - Stopped by Andrei Vasilevskiy without a rebound.
3:03 of 2nd period - Quinton Howden wins face-off versus Jack Eichel in Predators zone.
3:53 of 2nd period - Radek Faksa is hit by Andy Miele and loses puck.
3:58 of 2nd period - Snap shot by Andy Miele.
3:58 of 2nd period - Shot Misses the Net.
4:00 of 2nd period - Backhand shot by Claude Giroux.
4:00 of 2nd period - Shot Misses the Net.
4:20 of 2nd period - Snap shot by Jeremy Morin.
4:20 of 2nd period - Shot Misses the Net.
4:22 of 2nd period - Snap shot by Jeremy Morin.
4:22 of 2nd period - Shot Misses the Net.
4:40 of 2nd period - Snap shot by Mathieu Joseph.
4:40 of 2nd period - Stopped by Mikko Koskinen without a rebound.
4:41 of 2nd period - Nick Bjugstad wins face-off versus Jack Eichel in Senateurs zone.
5:16 of 2nd period - Snap shot by Jordan Martinook.
5:16 of 2nd period - Stopped by Andrei Vasilevskiy with a rebound.
5:36 of 2nd period - Slapshot by Claude Giroux.
5:36 of 2nd period - Stopped by Mikko Koskinen without a rebound.
5:37 of 2nd period - Jack Eichel wins face-off versus Nick Bjugstad in Senateurs zone.
5:52 of 2nd period - Wrist shot by Nick Bjugstad.
5:52 of 2nd period - Stopped by Andrei Vasilevskiy without a rebound.
5:53 of 2nd period - Quinton Howden wins face-off versus Scott Laughton in Predators zone.
5:54 of 2nd period - Snap shot by Jordan Martinook.
5:54 of 2nd period - Stopped by Andrei Vasilevskiy with a rebound.
6:02 of 2nd period - Slapshot by Reilly Smith.
6:02 of 2nd period - Stopped by Mikko Koskinen without a rebound.
6:03 of 2nd period - Quinton Howden wins face-off versus Scott Laughton in Senateurs zone.
6:27 of 2nd period - Slapshot by Travis Dermott.
6:27 of 2nd period - Stopped by Mikko Koskinen with a rebound.
6:29 of 2nd period - Snap shot by Reilly Smith.
6:29 of 2nd period - Stopped by Mikko Koskinen with a rebound.
6:31 of 2nd period - Wrist shot by Scott Laughton.
6:31 of 2nd period - Stopped by Mikko Koskinen with a rebound.
6:33 of 2nd period - Snap shot by Scott Laughton.
6:33 of 2nd period - Stopped by Mikko Koskinen without a rebound.
6:34 of 2nd period - Nick Bjugstad wins face-off versus Jack Eichel in Senateurs zone.
6:49 of 2nd period - Wrist shot by Alex Iafallo.
6:49 of 2nd period - Stopped by Andrei Vasilevskiy without a rebound.
6:50 of 2nd period - Quinton Howden wins face-off versus Nicolas Kerdiles in Predators zone.
7:01 of 2nd period - Wrist shot by Richard Panik.
7:01 of 2nd period - Stopped by Andrei Vasilevskiy without a rebound.
7:02 of 2nd period - Jack Eichel wins face-off versus Nick Bjugstad in Predators zone.
7:11 of 2nd period - Mikael Granlund is hit by Jesse Puljujarvi.
7:43 of 2nd period - Slapshot by Quinton Howden.
7:43 of 2nd period - Stopped by Andrei Vasilevskiy without a rebound.
7:44 of 2nd period - Quinton Howden wins face-off versus Scott Laughton in Predators zone.
7:45 of 2nd period - Wrist shot by Richard Panik.
7:45 of 2nd period - Stopped by Andrei Vasilevskiy without a rebound.
7:46 of 2nd period - Quinton Howden wins face-off versus Scott Laughton in Predators zone.
8:11 of 2nd period - Nick Bjugstad is hit by Jaden Schwartz and loses puck.
8:38 of 2nd period - Wrist shot by Zachary Sanford.
8:38 of 2nd period - Stopped by Andrei Vasilevskiy without a rebound.
8:39 of 2nd period - Radek Faksa wins face-off versus Scott Laughton in Predators zone.
8:46 of 2nd period - Slapshot by Travis Dermott.
8:46 of 2nd period - Shot Blocked by Jared Cowen.
8:48 of 2nd period - Snap shot by Nicolas Kerdiles.
8:48 of 2nd period - Shot Misses the Net.
8:50 of 2nd period - Slapshot by Reilly Smith.
8:50 of 2nd period - Shot Misses the Net.
8:52 of 2nd period - Slapshot by Travis Dermott.
8:52 of 2nd period - Stopped by Mikko Koskinen with a rebound.
9:04 of 2nd period - Jack Eichel is hit by Jesse Puljujarvi.
9:16 of 2nd period - Snap shot by Alex Iafallo.
9:16 of 2nd period - Shot Misses the Net.
9:30 of 2nd period - Slapshot by Quinton Howden.
9:30 of 2nd period - Stopped by Andrei Vasilevskiy with a rebound.
9:59 of 2nd period - Minor Penalty to Zachary Sanford for Holding Stick.
10:00 of 2nd period - Alex Iafallo wins face-off versus Jack Eichel in Senateurs zone.
10:25 of 2nd period - Nick Bjugstad is hit by Scott Laughton and loses puck.
10:30 of 2nd period - Wrist shot by Nicolas Kerdiles.
10:30 of 2nd period - Shot Blocked by Jake Gardiner.
10:32 of 2nd period - Slapshot by Reilly Smith.
10:32 of 2nd period - Shot Misses the Net.
10:34 of 2nd period - Snap shot by Scott Laughton.
10:34 of 2nd period - Shot Blocked by Jared Cowen.
10:36 of 2nd period - Slapshot by Travis Dermott.
10:36 of 2nd period - Shot Blocked by Jake Gardiner.
10:38 of 2nd period - Snap shot by Nicolas Kerdiles.
10:38 of 2nd period - Shot Misses the Net.
10:48 of 2nd period - Mikael Granlund is hit by Jared Cowen and loses puck.
11:55 of 2nd period - Wrist shot by Jaden Schwartz.
11:55 of 2nd period - Stopped by Mikko Koskinen with a rebound.
11:57 of 2nd period - Snap shot by Jaden Schwartz.
11:57 of 2nd period - Stopped by Mikko Koskinen with a rebound.
11:59 of 2nd period - Penalty to Zachary Sanford is over, Zachary Sanford is back on ice.
12:13 of 2nd period - Wrist shot by Jaden Schwartz.
12:13 of 2nd period - Shot Misses the Net.
12:34 of 2nd period - Icing by Alex Iafallo.
12:35 of 2nd period - Scott Laughton wins face-off versus Christoph Bertschy in Senateurs zone.
13:02 of 2nd period - Quinton Howden is hit by Claude Giroux and loses puck.
13:59 of 2nd period - Snap shot by Andy Miele.
13:59 of 2nd period - Shot Blocked by Jake Gardiner.
14:13 of 2nd period - Minor Penalty to Andreas Englund for Hooking.
14:14 of 2nd period - Andy Miele wins face-off versus Quinton Howden in Predators zone.
14:27 of 2nd period - Slapshot by Mark Pysyk.
14:27 of 2nd period - Shot Blocked by Jordan Martinook.
14:29 of 2nd period - Snap shot by Andy Miele.
14:29 of 2nd period - Shot Misses the Net.
14:31 of 2nd period - Snap shot by Mark Pysyk.
14:31 of 2nd period - Shot Misses the Net.
14:54 of 2nd period - Snap shot by Jesse Puljujarvi.
14:54 of 2nd period - Stopped by Andrei Vasilevskiy with a rebound.
15:00 of 2nd period - Nick Bjugstad is hit by Ryan Mcdonagh and loses puck.
15:06 of 2nd period - Icing by Jared Cowen.
15:07 of 2nd period - Jack Eichel wins face-off versus Nick Bjugstad in Senateurs zone.
15:24 of 2nd period - Wrist shot by Jake Gardiner.
15:24 of 2nd period - Shot Blocked by Mark Pysyk.
15:26 of 2nd period - Slapshot by Jared Cowen.
15:26 of 2nd period - Stopped by Andrei Vasilevskiy with a rebound.
15:28 of 2nd period - Slapshot by Richard Panik.
15:28 of 2nd period - Goal by Richard Panik - Predators : 2 - Senateurs : 3.
15:29 of 2nd period - Scott Laughton wins face-off versus Nick Bjugstad in neutral zone.
15:36 of 2nd period - Scott Laughton is hit by Brendan Smith and loses puck.
15:55 of 2nd period - Justin Faulk is hit by Brendan Smith and loses puck.
16:25 of 2nd period - Off-side.
16:26 of 2nd period - Nick Bjugstad wins face-off versus Scott Laughton in neutral zone.
16:39 of 2nd period - Wrist shot by Nick Bjugstad.
16:39 of 2nd period - Stopped by Andrei Vasilevskiy with a rebound.
16:41 of 2nd period - Wrist shot by Jesse Puljujarvi.
16:41 of 2nd period - Stopped by Andrei Vasilevskiy with a rebound.
16:43 of 2nd period - Backhand shot by Brendan Smith.
16:43 of 2nd period - Shot Blocked by Scott Laughton.
16:53 of 2nd period - Brendan Smith is hit by Mikael Granlund and loses puck.
17:09 of 2nd period - Riley Sheahan is hit by Mikael Granlund and loses puck.
17:48 of 2nd period - Jesse Puljujarvi is hit by Markus Granlund and loses puck.
17:55 of 2nd period - Wrist shot by Mark Pysyk.
17:55 of 2nd period - Stopped by Mikko Koskinen with a rebound.
17:57 of 2nd period - Wrist shot by Markus Granlund.
17:57 of 2nd period - Stopped by Mikko Koskinen with a rebound.
18:16 of 2nd period - Slapshot by Jordan Martinook.
18:16 of 2nd period - Shot Blocked by Reilly Smith.
18:38 of 2nd period - Jack Eichel is hit by Radek Faksa and loses puck.
19:02 of 2nd period - Wrist shot by Claude Giroux.
19:02 of 2nd period - Stopped by Mikko Koskinen with a rebound.
19:16 of 2nd period - Snap shot by Mark Pysyk.
19:16 of 2nd period - Deflect By Markus Granlund.
19:16 of 2nd period - Stopped by Mikko Koskinen without a rebound.
19:17 of 2nd period - Nick Bjugstad wins face-off versus Markus Granlund in Senateurs zone.
19:17 of 2nd period - Nick Bjugstad is hit by Mathieu Joseph.
Goals for this period are 1 for Predators vs 1 for Senateurs.
Shots for this period are 16 for Predators vs 17 for Senateurs.
3rd period
0:01 of 3rd period - Jack Eichel wins face-off versus Nick Bjugstad in neutral zone.
0:04 of 3rd period - Jake Gardiner is hit by Mikael Granlund and loses puck.
0:16 of 3rd period - Icing by Alex Iafallo.
0:17 of 3rd period - Scott Laughton wins face-off versus Nick Bjugstad in Senateurs zone.
0:52 of 3rd period - Snap shot by Jordan Martinook.
0:52 of 3rd period - Shot Blocked by Justin Faulk.
1:43 of 3rd period - Icing by Markus Granlund.
1:44 of 3rd period - Markus Granlund wins face-off versus Nick Bjugstad in Predators zone.
1:48 of 3rd period - Off-side.
1:49 of 3rd period - Jack Eichel wins face-off versus Nick Bjugstad in neutral zone.
1:59 of 3rd period - Slapshot by Anton Lindholm.
1:59 of 3rd period - Shot Misses the Net.
2:01 of 3rd period - Snap shot by Jesse Puljujarvi.
2:01 of 3rd period - Deflect By Mikael Granlund.
2:01 of 3rd period - Stopped by Andrei Vasilevskiy with a rebound.
2:03 of 3rd period - Slapshot by Anton Lindholm.
2:03 of 3rd period - Stopped by Andrei Vasilevskiy without a rebound.
2:04 of 3rd period - Quinton Howden wins face-off versus Scott Laughton in Predators zone.
3:02 of 3rd period - Icing by Travis Dermott.
3:03 of 3rd period - Quinton Howden wins face-off versus Andy Miele in Predators zone.
3:10 of 3rd period - Slapshot by Quinton Howden.
3:10 of 3rd period - Stopped by Andrei Vasilevskiy without a rebound.
3:11 of 3rd period - Quinton Howden wins face-off versus Jack Eichel in Predators zone.
3:24 of 3rd period - Jared Cowen is hit by Jack Eichel and loses puck.
3:49 of 3rd period - Backhand shot by Claude Giroux.
3:49 of 3rd period - Shot Blocked by Jake Gardiner.
3:51 of 3rd period - Wrist shot by Claude Giroux.
3:51 of 3rd period - Stopped by Mikko Koskinen without a rebound.
3:52 of 3rd period - Nick Bjugstad wins face-off versus Jack Eichel in Senateurs zone.
4:19 of 3rd period - Reilly Smith is hit by Radek Faksa and loses puck.
4:26 of 3rd period - Brendan Smith is hit by Reilly Smith and loses puck.
4:47 of 3rd period - Snap shot by Christoph Bertschy.
4:47 of 3rd period - Stopped by Andrei Vasilevskiy without a rebound.
4:48 of 3rd period - Nick Bjugstad wins face-off versus Jack Eichel in Predators zone.
5:15 of 3rd period - Alex Iafallo is hit by Andy Miele and loses puck.
5:24 of 3rd period - Wrist shot by Andy Miele.
5:24 of 3rd period - Stopped by Mikko Koskinen with a rebound.
5:45 of 3rd period - Wrist shot by Nicolas Kerdiles.
5:45 of 3rd period - Shot Misses the Net.
5:51 of 3rd period - Reilly Smith is hit by Quinton Howden and loses puck.
6:12 of 3rd period - Slapshot by Jeremy Morin.
6:12 of 3rd period - Stopped by Andrei Vasilevskiy without a rebound.
6:13 of 3rd period - Jack Eichel wins face-off versus Quinton Howden in Predators zone.
6:13 of 3rd period - Jack Eichel is hit by Anton Lindholm.
6:21 of 3rd period - Quinton Howden is hit by Mikael Granlund and loses puck.
7:30 of 3rd period - Wrist shot by Christoph Bertschy.
7:30 of 3rd period - Shot Misses the Net.
7:32 of 3rd period - Wrist shot by Christoph Bertschy.
7:32 of 3rd period - Deflect By Mark McNeill.
7:32 of 3rd period - Shot Blocked by Scott Laughton.
7:32 of 3rd period - Puck is out of play.
7:33 of 3rd period - Jack Eichel wins face-off versus Christoph Bertschy in Predators zone.
7:46 of 3rd period - Snap shot by Mikael Granlund.
7:46 of 3rd period - Shot Misses the Net.
7:48 of 3rd period - Snap shot by John Moore.
7:48 of 3rd period - Shot Blocked by Jake Gardiner.
7:50 of 3rd period - Slapshot by Travis Dermott.
7:50 of 3rd period - Goal by Travis Dermott - Predators : 3 - Senateurs : 3.
7:51 of 3rd period - Jack Eichel wins face-off versus Nick Bjugstad in neutral zone.
7:59 of 3rd period - Icing by Jack Eichel.
8:00 of 3rd period - Nick Bjugstad wins face-off versus Jack Eichel in Predators zone.
8:28 of 3rd period - Slapshot by Justin Faulk.
8:28 of 3rd period - Shot Blocked by Nick Bjugstad.
8:30 of 3rd period - Wrist shot by Mikael Granlund.
8:30 of 3rd period - Stopped by Mikko Koskinen with a rebound.
8:32 of 3rd period - Slapshot by Ryan Mcdonagh.
8:32 of 3rd period - Shot Blocked by Jared Cowen.
8:48 of 3rd period - Snap shot by Alex Iafallo.
8:48 of 3rd period - Deflect By Nick Bjugstad.
8:48 of 3rd period - Shot Hit the Post.
8:48 of 3rd period - Puck is out of play.
8:49 of 3rd period - Scott Laughton wins face-off versus Quinton Howden in Predators zone.
8:49 of 3rd period - Scott Laughton is hit by Jordan Martinook.
8:55 of 3rd period - Slapshot by John Moore.
8:55 of 3rd period - Shot Blocked by Brendan Smith.
8:57 of 3rd period - Wrist shot by Nicolas Kerdiles.
8:57 of 3rd period - Shot Misses the Net.
8:59 of 3rd period - Snap shot by Nicolas Kerdiles.
8:59 of 3rd period - Deflect By Jordan Martinook.
8:59 of 3rd period - Stopped by Mikko Koskinen with a rebound.
9:11 of 3rd period - Minor Penalty to Chris Bigras for Tripping.
9:12 of 3rd period - Nick Bjugstad wins face-off versus Jaden Schwartz in Senateurs zone.
10:26 of 3rd period - Nicolas Kerdiles is hit by Quinton Howden.
11:11 of 3rd period - Penalty to Chris Bigras is over, Chris Bigras is back on ice.
11:13 of 3rd period - Icing by Jeremy Morin.
11:14 of 3rd period - Radek Faksa wins face-off versus Mikael Granlund in Senateurs zone.
11:48 of 3rd period - Morgan Rielly is hit by Brendan Smith and loses puck.
12:39 of 3rd period - Slapshot by Jared Cowen.
12:39 of 3rd period - Shot Blocked by Ryan Mcdonagh.
13:12 of 3rd period - Off-side.
13:13 of 3rd period - Nick Bjugstad wins face-off versus Scott Laughton in neutral zone.
13:38 of 3rd period - Claude Giroux is hit by Jake Gardiner and loses puck.
15:09 of 3rd period - Claude Giroux is hit by Quinton Howden and loses puck.
15:24 of 3rd period - Minor Penalty to Jordan Martinook for Roughing.
15:25 of 3rd period - Nick Bjugstad wins face-off versus Jack Eichel in Senateurs zone.
15:46 of 3rd period - Jaden Schwartz is hit by Eric Gelinas and loses puck.
17:24 of 3rd period - Penalty to Jordan Martinook is over, Jordan Martinook is back on ice.
17:48 of 3rd period - Chris Bigras is hit by Claude Giroux and loses puck.
Goals for this period are 1 for Predators vs 0 for Senateurs.
Shots for this period are 5 for Predators vs 5 for Senateurs.
Overtime #1
0:01 of 1st overtime period - Jack Eichel wins face-off versus Nick Bjugstad in neutral zone.
0:51 of 1st overtime period - Justin Faulk is hit by Alex Iafallo and loses puck.
2:35 of 1st overtime period - Claude Giroux is hit by Richard Panik and loses puck.
3:30 of 1st overtime period - Zachary Sanford is hit by Justin Faulk and loses puck.
4:21 of 1st overtime period - Richard Panik is hit by Justin Faulk and loses puck.
Goals for this period are 0 for Predators vs 0 for Senateurs.
Shots for this period are 0 for Predators vs 0 for Senateurs.
ShootOut
5:00 of 1st overtime period - Round #1.
5:00 of 1st overtime period - Predators, Jack Eichel.
5:00 of 1st overtime period - Snap shot by Jack Eichel.
5:00 of 1st overtime period - Goal by Jack Eichel.
5:00 of 1st overtime period - Senateurs, Nick Bjugstad.
5:00 of 1st overtime period - Backhand shot by Nick Bjugstad.
5:00 of 1st overtime period - Shot Misses the Net.
5:00 of 1st overtime period - Round #2.
5:00 of 1st overtime period - Predators, Jaden Schwartz.
5:00 of 1st overtime period - Backhand shot by Jaden Schwartz.
5:00 of 1st overtime period - Stopped by Mikko Koskinen.
5:00 of 1st overtime period - Senateurs, Alex Iafallo.
5:00 of 1st overtime period - Wrist shot by Alex Iafallo.
5:00 of 1st overtime period - Goal by Alex Iafallo.
5:00 of 1st overtime period - Round #3.
5:00 of 1st overtime period - Predators, Alexander Ovechkin.
5:00 of 1st overtime period - Wrist shot by Alexander Ovechkin.
5:00 of 1st overtime period - Stopped by Mikko Koskinen.
5:00 of 1st overtime period - Senateurs, Jordan Martinook.
5:00 of 1st overtime period - Snap shot by Jordan Martinook.
5:00 of 1st overtime period - Goal by Jordan Martinook.